 Dungeon Crawl Stone Soup version 0.29.0-13-gc9e81de378 (webtiles) character file.

Game seed: 4032206114977400063

952 sanka the Grappler (level 7, 0/66 HPs)
             Began as a Troll Fighter on Sept 9, 2022.
             Slain by a water moccasin (4 damage)
             ... on level 6 of the Dungeon.
             The game lasted 00:04:32 (3970 turns).

sanka the Grappler (Troll Fighter)                  Turns: 3970, Time: 00:04:33

Health: 0/66       AC:  4    Str: 25    XL:     7   Next: 90%
Magic:  6/6        EV:  8    Int:  4    God:
Gold:   356        SH:  7    Dex: 11    Spells: 6/6 levels left

rFire   . . .      SeeInvis .     - Unarmed
rCold   . . .      Faith    .   b - +0 kite shield
rNeg    . . .      Spirit   .   a - +0 robe
rPois   .          Reflect  .   (helmet restricted)
rElec   .          Harm     .   (no cloak)
rCorr   .          Rampage  .   (gloves unavailable)
Will    .....                   (boots unavailable)
Stlth   +.........              (no amulet)
HPRegen 1.01/turn               (no ring)
MPRegen 0.10/turn               e - +4 ring of slaying

@: lethally poisoned (0 -> -17)
A: large, unfitting armour, claws 3, regeneration 1, shaggy fur 1, tough skin 1
a: no special abilities


You were on level 6 of the Dungeon.
You visited 1 branch of the dungeon, and saw 6 of its levels.

You collected 356 gold pieces.


Innate Abilities, Weirdness & Mutations

You are too large for most types of armour.
You have claws for hands.
Your natural rate of healing is unusually fast.
You are covered in fur. (AC +1)
You have tough skin. (AC +1)


   Skills:
 - Level 2.4 Fighting
 - Level 2.4 Dodging
 - Level 2.6 Shields
 + Level 9.3 Unarmed Combat


You had 6 spell levels left.
You didn't know any spells.
Your spell library contained the following spells:

 Spells                   Type           Power      Damage    Failure   Level
 Sandblast                Erth           0%         2d4       80%         1
 Blink                    Tloc           0%         N/A       91%         2
 Passwall                 Tmut/Erth      0%         N/A       91%         2
 Static Discharge         Conj/Air       0%         3-3/arc   91%         2
 Stone Arrow              Conj/Erth      0%         3d7       99%         3
 Dispel Undead            Necr           0%         3d6       100%        4
 Sticky Flame             Conj/Fire      0%         2d3       100%        4
 Manifold Assault         Tloc           0%         N/A       100%        5
 Storm Form               Tmut/Air       0%         N/A       100%        7

Inventory:

Hand Weapons
 z - a +0 morningstar
Armour
 a - a +0 robe (worn)
 b - a +0 kite shield (worn)
Jewellery
 e - a +4 ring of slaying (right claw)
Wands
 y - a wand of paralysis (11)
Scrolls
 f - 3 scrolls of identify {unknown}
 h - a scroll of torment {unknown}
 i - 4 scrolls of teleportation {unknown}
 l - a scroll of magic mapping {unknown}
 n - 3 scrolls of amnesia {unknown}
 o - a scroll of immolation {unknown}
 p - a scroll of fear {unknown}
 t - a scroll of vulnerability {unknown}
 u - a scroll of fog {unknown}
 v - a scroll of enchant weapon {unknown}
 w - a scroll of noise {unknown}
 x - 2 scrolls of blinking {unknown}
Potions
 c - 2 potions of might
 d - 7 potions of curing {unknown}
 g - 4 potions of haste {unknown}
 j - a potion of degeneration {unknown}
 k - a potion of ambrosia {unknown}
 m - a potion of berserk rage {unknown}
 q - a potion of attraction {unknown}
 r - a potion of brilliance {unknown}
 s - a potion of heal wounds {unknown}

Dungeon Overview and Level Annotations

Branches:
Dungeon (6/15)
 Temple: D:4-7

Altars:
The Shining One

.... .... ▒▒▒▒▒▒▒▒
..... ▒......▒ .....
▒......▒ ......
▒......▒▒...... .
▒......▒....... ..
▒.....TS5...... ...
▒<.....▒....... ....
▒.)....▒...)...
.....▒▒)▒▒▒▒▒▒+▒▒▒▒▒
...............
...............
.......).......
...............
...............


You could see a water moccasin and a white imp.


Message History

* * * LOW HITPOINT WARNING * * *
Unknown command.
You barely miss the water moccasin.
The water moccasin is almost dead.
You feel very sick. The water moccasin bites you.
* * * LOW HITPOINT WARNING * * *
Unknown command.
You barely miss the water moccasin.
The water moccasin is almost dead.
You feel very sick. The water moccasin bites you.
* * * LOW HITPOINT WARNING * * *
You are more poisoned.
The water moccasin poisons you!
You miss the water moccasin.
The water moccasin is almost dead.
* * * LOW HITPOINT WARNING * * *
You feel very sick. The water moccasin bites you.
* * * LOW HITPOINT WARNING * * *
You are more poisoned.
The water moccasin poisons you!
You closely miss the water moccasin.
The water moccasin is almost dead.
* * * LOW HITPOINT WARNING * * *
You feel extremely sick. The water moccasin barely misses you.
The water moccasin bites you.
You die...

Action                   |  1- 3 |  4- 6 |  7- 9 || total
-------------------------+-------+-------+-------++-------
Melee: Unarmed           |    89 |    78 |    79 ||   246
Armor: Robe              |    26 |    20 |    12 ||    58
Dodge: Dodged            |    24 |    22 |    30 ||    76
Block: Kite shield       |    21 |    33 |    21 ||    75

Levels and vault maps discovered:
D:1:      dpeg_arrival_tiny_j, layout_loops_ring,
          shapermc_ecumenical_altar_pompeii, amcnicky_mini_corridor_feature
D:2:      layout_basic
D:3:      layout_basic
D:4:      kennysheep_slugbush, layout_rooms, mainiacjoe_overflow_24_doors,
          minmay_misc_feat_five, uniq_sigmund, uniq_robin, uniq_grinder,
          uniq_blork_the_orc
D:5:      layout_loops_cross, minmay_holes
D:6:      layout_gridville

Notes
Turn   | Place    | Note
-------+----------+-------------------------------------------
     0 | D:1      | sanka the Troll Fighter began the quest for the Orb.
     0 | D:1      | Reached XP level 1. HP: 22/22 MP: 0/0
   172 | D:1      | Found a faded altar of an unknown god.
   214 | D:1      | Reached XP level 2. HP: 29/29 MP: 1/1
   305 | D:1      | Reached skill level 3 in Unarmed Combat
   826 | D:2      | Reached XP level 3. HP: 36/36 MP: 2/2
  1061 | D:2      | Reached skill level 4 in Unarmed Combat
  1524 | D:3      | Reached XP level 4. HP: 44/44 MP: 3/3
  2612 | D:4      | Reached skill level 5 in Unarmed Combat
  2624 | D:4      | Noticed Sigmund
  2646 | D:4      | Killed Sigmund
  2647 | D:4      | Reached skill level 6 in Unarmed Combat
  2647 | D:4      | Reached XP level 5. HP: 10/50 MP: 4/4
  2647 | D:4      | Reached XP level 6. HP: 12/59 MP: 5/5
  2854 | D:4      | Noticed Robin
  2865 | D:4      | Killed Robin
  2908 | D:4      | Noticed Grinder
  2939 | D:4      | Killed Grinder
  2940 | D:4      | Reached skill level 7 in Unarmed Combat
  2940 | D:4      | Reached XP level 7. HP: 54/66 MP: 6/6
  3007 | D:4      | Noticed Blork the orc
  3024 | D:4      | Killed Blork the orc
  3025 | D:4      | Reached skill level 8 in Unarmed Combat
  3257 | D:4      | Found a glowing golden altar of the Shining One.
  3305 | D:5      | Entered Level 5 of the Dungeon
  3735 | D:5      | Reached skill level 9 in Unarmed Combat
  3970 | D:6      | HP: 4/66 [poisoned by a water moccasin]
  3970 | D:6      | Slain by a water moccasin

Vanquished Creatures
  Grinder (D:4)
  Sigmund (D:4)
  Blork the orc (D:4)
  2 necrophages
  4 hounds
  A jelly (D:4)
  An orc priest (D:6)
  An iguana (D:5)
  Robin (D:4)
  3 gnolls (D:4)
  4 adders
  A shadow imp (D:4)
  A worm (D:2)
  11 dart slugs
  8 orcs
  5 ball pythons
  3 bats
  10 endoplasms
  6 giant cockroaches
  16 goblins
  6 hobgoblins
  2 jackals (D:3)
  2 quokkas
  6 frilled lizards
  3 kobolds
  3 rats
103 creatures vanquished.
